 Dungeon Crawl Stone Soup version 0.19-a0-1007-g133f65f (webtiles) character file.

21 epen the Ruffian (level 2, -1/24 HPs)
             Began as a Draconian Transmuter on July 21, 2016.
             Slain by a goblin
             ... wielding a +0 club
              (4 damage)
             ... on level 1 of the Dungeon.
             The game lasted 00:00:40 (210 turns).

epen the Ruffian (Draconian Transmuter)              Turns: 210, Time: 00:00:41

Health: -1/24      AC:  4    Str: 12    XL:     2   Next: 65%
Magic:  4/5        EV: 12    Int: 13    God:
Gold:   14         SH:  0    Dex: 11    Spells: 1 memorised, 5 levels left

rFire  . . .     SeeInvis .       - Unarmed
rCold  . . .     Gourm    .     (armour unavailable)
rNeg   . . .     Faith    .     (no shield)
rPois  .         Spirit   .     (helmet restricted)
rElec  .         Dismiss  .     (no cloak)
rCorr  .         Reflect  .     (no gloves)
SustAt .         Harm     .     (boots currently unavailable)
MR     .....                    (no amulet)
Stlth  +.........               (no ring)
                                (no ring)

@: appendage (expiring), not resistant to hostile enchantments, very unstealthy
A: unfitting armour, talons 3, cold-blooded, AC +4
a: End Transformation


You were on level 1 of the Dungeon.
You were not hungry.
You had grown temporary talons.
You visited 1 branch of the dungeon, and saw 1 of its levels.

You collected 14 gold pieces.

Inventory:

Missiles
 a - 12 arrows
Scrolls
 d - a scroll of blinking {unknown}
Potions
 e - a potion of curing {unknown}
Books
 b - a book of Changes

   Spells                             Type                      Level
   a - Beastly Appendage              Transmutation                1
   b - Sticks to Snakes               Transmutation                2
   c - Spider Form                    Transmutation/Poison         3
   d - Ice Form                       Ice/Transmutation            4
   e - Blade Hands                    Transmutation                5
Comestibles
 c - a bread ration
 f - a chunk of flesh


   Skills:
 + Level 1.7 Fighting
 + Level 1.7 Dodging
 + Level 3.2 Unarmed Combat
 * Level 2.5 Spellcasting
 * Level 2.2 Transmutations


You had 5 spell levels left.
You knew the following spells:

 Your Spells              Type           Power        Failure   Level  Hunger
a - Beastly Appendage     Tmut           #.....       12%         1    #......


Dungeon Overview and Level Annotations

Branches:
Dungeon (1/15)

Altars:


Innate Abilities, Weirdness & Mutations

Your plain brown scales are hard. (AC +4)
Your body does not fit into most forms of armour.
You are cold-blooded and may be slowed by cold attacks.
You have claws for feet.


Message History

The jackal is heavily wounded.
The jackal closely misses you.
You hit the jackal.
You kill the jackal!
You hit the giant newt. Your kick misses the giant newt.
The giant newt is heavily wounded.
Your transformation is almost over.
The giant newt closely misses you.
You closely miss the giant newt.
Your tail-slap misses the giant newt.
The giant newt is heavily wounded.
The giant newt bites you but does no damage.
You hit the giant newt.
You kill the giant newt!
You barely miss the goblin. Your kick misses the goblin.
The goblin hits you with a club.
* * * LOW HITPOINT WARNING * * *
You barely miss the goblin. You claw the goblin.
The goblin is moderately wounded.
The goblin hits you with a club.
You die...

#......####.###....#.....#
######†..##..####.....###
###...#.#####..#...#
###......#...###.#
###############...#...#..##.##
...............##.....##.##..####
#....#########......>.....).....#
####....# #####..##..h....####
####>#######.@gh.###l..##..# ####
#.........###$.####..#.†### ...#
##........# ##.[# ##...l... ...#
#..######.. #.# #####...
...####.######## ... ##..
............... .#.# #..
...############ #... #.. ...# ##
##. ...# #.


You could see a jackal and a goblin.

Vanquished Creatures
  2 dart slugs (D:1)
  2 giant geckos (D:1)
  3 goblins (D:1)
  A hobgoblin (D:1)
  2 jackals (D:1)
  2 bats (D:1)
  A giant newt (D:1)
  A rat (D:1)
14 creatures vanquished.

Notes
Turn   | Place    | Note
-------+----------+-------------------------------------------
     0 | D:1      | epen the Draconian Transmuter began the quest for the Orb.
     0 | D:1      | Reached XP level 1. HP: 16/16 MP: 3/3
    90 | D:1      | Reached XP level 2. HP: 15/23 MP: 5/5
   210 | D:1      | Slain by a goblin

Vault maps used:
D:1:      minmay_arrival_checkered_box, minmay_tetromino_o4

Action                   || total
-------------------------++-------
Melee: Unarmed           ||    59
       Tailslap          ||     6
       Kick              ||     1
 Cast: Beastly Appendage ||     1
Armor: Skin              ||    26
Dodge: Dodged            ||    53
